Map: Abyssal Reef LE

Players

Scarlett

  • Race: Zerg Zerg
  • Spawn Location: 11:00

Neeb - Winner!

  • Race: Protoss Protoss
  • Spawn Location: 5:00

Event: WCS Montreal 2017

VOD

Have the link to the VOD?

Description

Time

  • Played on: Sept. 9, 2017, 4:41 p.m.
  • Length: 9:27

All games in this series

Show
View Real Time Build Order
Export as new Build Order

Scarlett Zerg 

Build Orders: Pool First 

Get SALT Encoding   

  12  0:01  Drone  
  13  0:12  Overlord  
  13  0:17  Drone  
  14  0:31  Drone x2  
  14  0:34  Drone  
  17  1:02  Extractor, Drone  
  17  1:03  Drone  
  17  1:04  Spawning Pool  
  17  1:17  Hatchery  
  16  1:20  Drone  
  17  1:41  Hatchery  
  17  1:44  Drone  
  17  1:49  Drone  
  18  1:58  Queen  
  20  2:01  Drone  
  20  2:08  Overlord  
  22  2:26  Drone  
  22  2:27  Drone  
  24  2:34  Queen  
  26  2:38  Zergling x2  
  26  2:39  Zergling x2  
  28  2:49  Zergling x2  
  29  2:53  Queen  
  29  2:54  Zergling x2  
  32  2:59  Metabolic Boost  
  32  3:00  Zergling x2  
  33  3:08  Zergling x4  
  33  3:09  Zergling x2  
  35  3:32  Drone  
  35  3:33  Overlord  
  36  3:37  Evolution Chamber  
  36  3:39  Drone x3  
  36  3:49  Drone, Hatchery  
  36  3:52  Drone x4  
  40  3:59  Drone x2  
  42  4:05  Zerg Melee Weapons Level 1  
  42  4:06  Overlord  
  42  4:10  Drone  
  42  4:14  Drone  
  44  4:23  Overlord  
  44  4:25  Drone x3  
  47  4:32  Drone x2  
  47  4:33  Overlord  
  47  4:37  Drone  
  50  4:40  Extractor  
  50  4:42  Drone  
  50  4:43  Baneling Nest, Drone x2  
  51  4:46  Overlord  
  51  4:48  Zergling x2  
  52  4:57  Queen  
  54  5:02  Zergling x2  
  54  5:03  Zergling x10  
  60  5:16  Lair  
  60  5:22  Spore Crawler x2  
  60  5:23  Spore Crawler  
  60  5:26  Drone x7  
  64  5:29  Baneling x2  
  64  5:30  Baneling x3  
  64  5:33  Drone x2  
  65  5:46  Drone  
  65  5:47  Drone x7  
  71  5:59  Drone  
  71  6:01  Queen  
  71  6:04  Zerg Missile Weapons Level 1  
  74  6:05  Zergling x12  
  74  6:06  Extractor  
  79  6:17  Zergling x6  
  71  6:26  Zergling x2  
  71  6:27  Zergling x14  
  71  6:32  Zergling x8  
  75  6:36  Zergling x2  
  75  6:37  Queen, Zergling x6  
  77  6:43  Zergling x4  
  77  6:45  Queen x2  
  82  6:51  Hydralisk Den  
  82  6:52  Overseer  
  74  6:58  Drone x6  
  74  6:59  Drone x2  
  80  7:04  Extractor  
  79  7:11  Centrifical Hooks  
  73  7:28  Muscular Augments, Hydralisk x5  
  81  7:32  Overlord, Drone  
  81  7:35  Overlord x2  
  82  7:37  Extractor  
  82  7:39  Extractor  
  80  7:48  Overlord  
  80  7:49  Drone x2  
  82  7:54  Drone  
  82  7:55  Drone x2  
  82  7:58  Drone x3, Hatchery  
  86  8:04  Drone x2  
  88  8:07  Drone  
  88  8:08  Drone x6  
  92  8:16  Infestation Pit, Hydralisk x3  
  97  8:27  Drone x3  
  98  8:32  Drone x2  
  98  8:33  Drone  
  103  8:36  Hydralisk x4  
  111  8:42  Overlord  
  111  8:49  Hydralisk  
  112  8:55  Overlord  
  112  8:56  Overlord x5  
  112  9:02  Hydralisk x3  
Show
View Real Time Build Order
Export as new Build Order

Neeb Protoss - Winner!

Build Orders: Zealot Archon, Archon Drop 

Get SALT Encoding   

  12  0:00  Probe (Chrono Boost)  
  13  0:11  Probe (Chrono Boost)  
  14  0:18  Pylon  
  14  0:22  Probe (Chrono Boost)  
  15  0:37  Probe (Chrono Boost)  
  15  0:40  Gateway  
  16  0:45  Assimilator  
  16  0:47  Probe (Chrono Boost)  
  17  0:58  Probe (Chrono Boost)  
  17  1:00  Pylon  
  18  1:10  Probe (Chrono Boost)  
  19  1:21  Probe (Chrono Boost)  
  20  1:30  Cybernetics Core, Zealot (Chrono Boost)  
  20  1:31  Gateway  
  22  1:36  Pylon  
  22  1:38  Probe  
  23  1:54  Probe  
  23  1:55  Zealot (Chrono Boost)  
  26  2:06  Probe  
  27  2:20  Adept x2 (Chrono Boost)  
  31  2:28  Pylon  
  31  2:46  Nexus  
  31  2:50  Assimilator  
  31  2:53  Probe (Chrono Boost)  
  31  2:56  Warp Gate (Chrono Boost)  
  32  3:05  Probe (Chrono Boost)  
  33  3:07  Adept  
  35  3:15  Probe (Chrono Boost)  
  36  3:23  Twilight Council  
  36  3:26  Probe (Chrono Boost)  
  37  3:36  Probe (Chrono Boost)  
  34  3:42  Gateway  
  34  3:46  Robotics Facility  
  35  3:48  Probe (Chrono Boost)  
  35  3:58  Probe (Chrono Boost)  
  35  4:00  Probe (Chrono Boost)  
  37  4:03  Gateway  
  37  4:08  Probe (Chrono Boost)  
  38  4:13  Dark Shrine  
  38  4:17  Probe (Chrono Boost)  
  38  4:18  Probe (Chrono Boost)  
  40  4:28  Probe  
  40  4:29  Probe  
  40  4:31  Warp Prism (Chrono Boost)  
  42  4:38  Pylon  
  44  4:40  Probe (Chrono Boost)  
  44  4:41  Probe (Chrono Boost)  
  44  4:42  Assimilator  
  44  4:45  Assimilator  
  46  4:52  Pylon  
  47  4:53  Probe (Chrono Boost)  
  47  4:54  Probe (Chrono Boost)  
  48  5:02  Zealot  
  48  5:03  Zealot  
  48  5:04  Probe (Chrono Boost)  
  48  5:06  Probe (Chrono Boost)  
  54  5:20  Probe (Chrono Boost)  
  56  5:22  Probe (Chrono Boost)  
  56  5:27  Dark Templar x4  
  64  5:32  Pylon  
  64  5:46  Probe (Chrono Boost)  
  64  5:47  Nexus  
  64  5:48  Probe (Chrono Boost)  
  66  5:53  Charge  
  67  5:57  Archon  
  67  5:58  Probe (Chrono Boost)  
  67  5:59  Probe (Chrono Boost)  
  67  6:00  Archon  
  68  6:06  Zealot x4  
  76  6:12  Probe (Chrono Boost)  
  76  6:13  Probe (Chrono Boost)  
  78  6:30  Probe (Chrono Boost)  
  78  6:31  Dark Templar  
  78  6:32  Probe (Chrono Boost)  
  78  6:37  Pylon  
  78  6:38  Pylon  
  78  6:43  Dark Templar  
  78  6:44  Dark Templar x2  
  78  6:49  Observer  
  78  6:50  Probe (Chrono Boost)  
  78  6:51  Probe (Chrono Boost)  
  75  7:00  Probe (Chrono Boost)  
  77  7:01  Probe (Chrono Boost)  
  77  7:03  Probe (Chrono Boost), Archon  
  77  7:04  Archon  
  77  7:06  Sentry, Gateway  
  77  7:07  Immortal  
  80  7:09  Gateway  
  80  7:11  Probe (Chrono Boost)  
  80  7:14  Probe (Chrono Boost), Gateway  
  88  7:17  Mothership Core (Chrono Boost)  
  88  7:21  Probe (Chrono Boost)  
  89  7:25  Probe (Chrono Boost)  
  90  7:30  Pylon  
  90  7:31  Forge  
  90  7:32  Probe (Chrono Boost)  
  90  7:34  Sentry  
  90  7:35  Probe (Chrono Boost), Sentry, Pylon  
  97  7:37  Probe (Chrono Boost)  
  97  7:40  Assimilator  
  97  7:41  Assimilator  
  97  7:42  Probe (Chrono Boost), Sentry, Immortal  
  100  7:46  Probe (Chrono Boost)  
  105  7:57  Probe (Chrono Boost)  
  106  8:02  Gateway  
  106  8:16  Immortal  
  106  8:20  Nexus  
  106  8:22  Pylon  
  106  8:25  Dark Templar x2  
  106  8:26  Dark Templar  
  116  8:28  Dark Templar, Zealot x3  
  116  8:29  Archon  
  123  8:34  Archon  
  123  8:40  Pylon  
  123  8:41  Probe x2, Pylon  
  123  8:42  Probe, Pylon  
  126  8:52  Observer  
  126  8:54  Probe  
  128  8:57  Zealot x4  
  128  8:59  Zealot x2  
  128  9:02  Stalker  
  142  9:05  Zealot  
  142  9:06  Probe x2  
  140  9:13  Probe  
  133  9:21  Zealot x6  
Tags
 
Add a new tag
Caveats
  • Supply blocks, unpowered buildings, or Contaminate may cause inaccurate times.
  • Supply counts are checked every 10 seconds.